 Dungeon Crawl Stone Soup version 0.22-a0-271-gc000056 (webtiles) character file.

5236 grindst0ne the Archer (level 10, -19/95 HPs)
             Began as a Centaur Hunter on Mar 12, 2018.
             Was a Priest of Makhleb.
             Demolished by a freezing wraith (21 damage)
             ... on level 9 of the Dungeon.
             The game lasted 00:23:18 (9990 turns).

grindst0ne the Archer (Centaur Hunter)              Turns: 9990, Time: 00:23:18

Health: -19/95     AC:  4    Str: 16    XL:     10   Next: 35%
Magic:  11/11      EV:  9    Int: 10    God:    Makhleb [***...]
Gold:   490        SH:  0    Dex: 12    Spells: 9/9 levels left

rFire    . . .     SeeInvis .   a - +1 shortbow
rCold    . . .     Gourm    .   (shield currently unavailable)
rNeg     . . .     Faith    .   x - +0 leather armour {rPois}
rPois    +         Spirit   .   (no helmet)
rElec    .         Reflect  .   (no cloak)
rCorr    +         Harm     .   (no gloves)
MR       .....                  (no barding)
Stlth    +.........             C - amulet of the acrobat
HPRegen  0.25/turn              t - ring of resist corrosion
MPRegen  0.12/turn              D - ring of flight

@: slowed
A: large, hooves 3, deformed body, speed 2, tough skin 3
a: Minor Destruction, Lesser Servant of Makhleb, Renounce Religion, Evoke Flight


You were on level 9 of the Dungeon.
You worshipped Makhleb.
Makhleb was most pleased with you.
You were not hungry.

You visited 1 branch of the dungeon, and saw 9 of its levels.
You also visited: Sewer.

You collected 490 gold pieces.

Inventory:

Hand Weapons
 a - a +1 shortbow (weapon)
 b - a +0 broad axe
 A - a +2 lajatang of speed
Missiles
 d - 67 arrows (quivered)
 s - a throwing net
Armour
 x - a +0 leather armour of poison resistance (worn)
Jewellery
 t - a ring of resist corrosion (left hand)
 C - an amulet of the acrobat (around neck)
 D - a ring of flight (right hand)
Wands
 g - a wand of acid (4)
 k - a wand of flame (27)
 n - a wand of iceblast (4)
 r - a wand of random effects (38)
 B - a wand of polymorph (10)
Scrolls
 h - 3 scrolls of identify
 m - 2 scrolls of enchant armour
 o - 2 scrolls of remove curse
 w - a scroll of blinking {unknown}
 y - 2 scrolls of fear {unknown}
Potions
 c - a potion of mutation {unknown}
 e - 4 potions of lignification
 i - 2 potions of haste
 j - a potion of agility
 l - a potion of degeneration
 p - 4 potions of curing
 q - 2 potions of invisibility
 u - a potion of flight {unknown}
 v - a potion of resistance {unknown}
Comestibles
 f - 21 rations


   Skills:
 - Level 11.0 Fighting
 - Level 14.1 Bows
 - Level 1.3 Dodging
 - Level 0.4 Stealth
 + Level 2.6 Invocations


You had 9 spell levels left.
You didn't know any spells.

Dungeon Overview and Level Annotations

Branches:
Dungeon (9/15)             Temple (0/1) D:5
   Lair: D:8-11         Orc: D:9-12

Altars:
Ashenzari
Hepliaklqana
Makhleb
Okawaru
Zin


Innate Abilities, Weirdness & Mutations

You have hooves in place of feet.
Armour fits poorly on your strangely shaped body.
You cover ground very quickly.
You have extremely tough skin. (AC +3)


Message History

Okay, then.
d - 65 arrows (gained 1)
d - 66 arrows (gained 1)
d - 67 arrows (gained 1)
There is a stone staircase leading down here.
You climb downwards.
The troll bites you! The troll barely misses you. The troll claws you!
The freezing wraith hits you. The freezing wraith freezes you!
The freezing wraith hits you! The freezing wraith drains your vigour!
You feel yourself slow down.
The crimson imp hits you but does no damage.
The troll bites you!
* * * LOW HITPOINT WARNING * * *
The troll claws you!
* * * LOW HITPOINT WARNING * * *
The troll claws you.
* * * LOW HITPOINT WARNING * * *
The freezing wraith hits you.
* * * LOW HITPOINT WARNING * * *
The freezing wraith freezes you!!
You die...

...#.. #>...
[#...#.#... #....
..#...#....##+##....
...................
#.....#...........
#.....#...........
#....####...##....
##Wo..#####'###....
#.@5.........+.....
#..T.........#.....
#.........%..#.....
#......?##...##....
##......##...##.(..
#......##...##....
#......##.........
+...}....#.........
#........#.........


You could see a freezing wraith, a troll, a crimson imp and an orc.

Vanquished Creatures
  A two-headed ogre (D:8)
  A gargoyle (D:7)
  Grinder (D:4)
  A hippogriff (D:7)
  4 hogs (D:7)
  A human (D:7)
  3 hungry ghosts (D:8)
  A water moccasin (D:5)
  A sky beast (D:6)
  2 ice beasts
  2 ogres
  A black bear (D:6)
  A phantom (D:8)
  A centaur (D:8)
  A big kobold (D:7)
  A crocodile (Sewer)
  9 bullfrogs
  A killer bee (D:8)
  3 howler monkeys
  4 crimson imps
  4 hounds
  A quasit (D:8)
  2 jellies
  3 orc priests
  A bullfrog skeleton (D:6)
  A gnoll shaman (D:2)
  3 orc wizards
  A centaur skeleton (D:6)
  4 iguanas
  2 worker ants (D:5)
  A killer bee zombie (D:6)
  A hound skeleton (D:6)
  12 gnolls
  A howler monkey skeleton (D:6)
  8 adders
  6 shadow imps
  An ooze (D:7)
  3 worms
  3 dart slugs
  5 leopard geckos
  20 orcs
  4 giant cockroaches
  9 goblins
  3 hobgoblins
  4 jackals
  6 kobolds
  4 quokkas
  14 bats
  A frilled lizard (D:3)
  A jackal skeleton (D:7)
  A leopard gecko skeleton (D:6)
  7 rats
177 creatures vanquished.

Notes
Turn   | Place    | Note
-------+----------+-------------------------------------------
     0 | D:1      | grindst0ne the Centaur Hunter began the quest for the Orb.
     0 | D:1      | Reached XP level 1. HP: 17/17 MP: 1/1
   313 | D:1      | Reached XP level 2. HP: 25/25 MP: 2/2
   684 | D:1      | Reached skill level 6 in Bows
   712 | D:2      | Reached XP level 3. HP: 28/30 MP: 3/3
  1175 | D:3      | Reached XP level 4. HP: 35/38 MP: 4/4
  1567 | D:2      | Reached skill level 7 in Bows
  1595 | D:2      | Reached XP level 5. HP: 14/46 MP: 5/5
  2147 | D:3      | Found a burning altar of Makhleb.
  2256 | D:3      | Became a worshipper of Makhleb the Destroyer
  2400 | D:3      | Reached XP level 6. HP: 43/53 MP: 6/6
  2508 | D:3      | Found an iron altar of Okawaru.
  2706 | D:4      | Reached skill level 8 in Bows
  2849 | D:4      | Reached skill level 5 in Fighting
  2857 | D:4      | Reached * piety under Makhleb
  3435 | D:4      | Noticed Grinder
  3452 | D:4      | Paralysed by Grinder for 3 turns
  3458 | D:4      | Paralysed by Grinder for 6 turns
  3466 | D:4      | Killed Grinder
  3466 | D:4      | Reached skill level 9 in Bows
  3466 | D:4      | Reached XP level 7. HP: 21/62 MP: 7/7
  4434 | D:5      | Entered Level 5 of the Dungeon
  4437 | D:5      | Found a glowing drain.
  4457 | Sewer    | Entered a sewer
  4649 | D:5      | Found a transporter.
  4846 | D:5      | Found a staircase to the Ecumenical Temple.
  4876 | D:5      | Found a transporter.
  5122 | D:5      | Reached skill level 10 in Bows
  5122 | D:5      | Reached XP level 8. HP: 60/71 MP: 8/8
  5585 | D:6      | Reached ** piety under Makhleb
  6115 | D:6      | Reached skill level 11 in Bows
  6302 | D:6      | Found a glowing silver altar of Zin.
  6329 | D:6      | Found a shattered altar of Ashenzari.
  6645 | D:7      | Reached XP level 9. HP: 30/82 MP: 9/9
  6665 | D:7      | Reached skill level 12 in Bows
  7995 | D:7      | Noticed a gargoyle
  8003 | D:7      | Killed a gargoyle
  8003 | D:7      | Reached skill level 13 in Bows
  8063 | D:7      | Noticed a gargoyle
  8139 | D:8      | Noticed a two-headed ogre
  8471 | D:8      | Reached skill level 10 in Fighting
  8484 | D:8      | Reached *** piety under Makhleb
  8663 | D:8      | Reached XP level 10. HP: 75/94 MP: 10/10
  8729 | D:8      | Killed a two-headed ogre
  8729 | D:8      | Reached skill level 14 in Bows
  9310 | D:8      | Found a hazy altar of Hepliaklqana.
  9374 | D:9      | Noticed a deep elf mage
  9387 | D:8      | Reached skill level 1 in Invocations
  9990 | D:9      | HP: 2/95 [freezing wraith (5)]
  9990 | D:9      | Demolished by a freezing wraith

Vault maps used:
D:1:      matt_arrival_grand_opening, st_stairs_10, kennysheep_nondescript,
          hangedman_decor_points, minmay_misc_feat_four_crosses
D:3:      makhleb_heckhound_becter, okawaru_altar_gauntlet_db
D:4:      kennysheep_generic_room_2, uniq_grinder
D:5:      gammafunk_wand_slinger, lemuel_temple_firewalk_b, first_ration,
          cheibrodos_sewer_entry_bend
D:6:      minitemple
D:7:      cheibrodos_statue_roulette, grunt_livestock
D:8:      minmay_bloctagon, lemuel_coloured_pillars_altar, minmay_checkerbox
D:9:      cheibrodos_fzero, lemuel_round_altar, minmay_overflow_temple_hex,
          kennysheep_mini_moat, lair_entry_dummy, orc_0_dummy,
          nemelex_xobeh_ov_fountains_minmay
Sewer:    sewer_big_baddie

Skill      XL: |  1  2  3  4  5  6  7  8  9 10 |
---------------+-------------------------------+-----
Bows           | 6 7 9 10 11 13 14 | 14.1
Fighting       | 3 4 5 6 8 10 11 | 11.0
Invocations    | 2 |  2.6
Dodging        | |  1.3
Stealth        | |  0.4

Action                   |  1- 3 |  4- 6 |  7- 9 | 10-12 || total
-------------------------+-------+-------+-------+-------++-------
Melee: Short sword       |       |     8 |       |       ||     8
       Kick              |       |     2 |     6 |     6 ||    14
       War axe           |       |    11 |       |       ||    11
       Broad axe         |       |       |    21 |    23 ||    44
       Shortbow          |       |       |     1 |       ||     1
 Fire: Shortbow          |    94 |   217 |   440 |    75 ||   826
Evoke: Wand              |       |       |     7 |       ||     7
  Use: Potion            |     3 |       |     7 |       ||    10
       Scroll            |       |       |     8 |       ||     8
  Eat: Chunk             |       |     6 |    11 |     4 ||    21
       Ration            |       |       |     1 |     1 ||     2
Armor: Leather armour    |    26 |    22 |    43 |    13 ||   104
Dodge: Dodged            |    36 |    49 |    94 |    36 ||   215

Table legend:
 A = Spawn XP
 B = Non-spawn XP
 C = Spawn XP percentage of total XP
 D = Spawn monster count
 E = Non-spawn monster count
 F = Spawn count percentage of total count
 G = Total turns spent on level
                    A         B        C        D         E        F      G
               +---------+---------+-------+---------+---------+-------+---------
         Total |       0 |    7481 |   0.0 |       0 |     177 |   0.0 |  9990
               +---------+---------+-------+---------+---------+-------+---------
           D:1 |       0 |      35 |   0.0 |       0 |      15 |   0.0 |   682
           D:2 |       0 |     139 |   0.0 |       0 |      15 |   0.0 |  1025
           D:3 |       0 |     240 |   0.0 |       0 |      34 |   0.0 |   955
           D:4 |       0 |     575 |   0.0 |       0 |      19 |   0.0 |  1772
           D:5 |       0 |     471 |   0.0 |       0 |      10 |   0.0 |   996
           D:6 |       0 |     684 |   0.0 |       0 |      15 |   0.0 |  1148
           D:7 |       0 |    2249 |   0.0 |       0 |      27 |   0.0 |  1621
           D:8 |       0 |    2933 |   0.0 |       0 |      35 |   0.0 |  1597
           D:9 |       0 |      45 |   0.0 |       0 |       1 |   0.0 |    55
         Sewer |       0 |     110 |   0.0 |       0 |       6 |   0.0 |   139
               +---------+---------+-------+---------+---------+-------+---------
